 Dungeon Crawl Stone Soup version 0.25-a0-1133-g93ebf739aa (webtiles) character file.

Game seed: 9347266993582305915, levelgen mode: deterministic

401 HoaS the Cleaver (level 6, -1/57 HPs)
             Began as a Hill Orc Berserker on May 20, 2020.
             Was a Priest of Trog.
             Slain by a sky beast (5 damage)
             ... on level 7 of the Dungeon.
             The game lasted 00:06:47 (3995 turns).

HoaS the Cleaver (Hill Orc Berserker)               Turns: 3995, Time: 00:06:48

Health: -1/57      AC:  8    Str: 20    XL:     6   Next: 85%
Magic:  6/6        EV: 10    Int:  7    God:    Trog [***...]
Gold:   157        SH:  0    Dex: 12    Spells: 5/5 levels left

rFire    . . .     SeeInvis .   a - +0 hand axe
rCold    . . .     Gourm    .   (no shield)
rNeg     . . .     Faith    .   h - +0 scale mail
rPois    .         Spirit   .   p - +0 helmet
rElec    .         Reflect  .   o - +0 cloak
rCorr    .         Harm     .   (no gloves)
MR       .....                  (no boots)
Stlth    ..........             (no amulet)
HPRegen  0.19/turn              (no ring)
MPRegen  0.10/turn              (no ring)

@: berserk cooldown, slowed, very slow
A: no striking features
a: Berserk, Trog's Hand, Renounce Religion


You were on level 7 of the Dungeon.
You worshipped Trog.
Trog was most pleased with you.
You were hungry.

You visited 1 branch of the dungeon, and saw 5 of its levels.

You collected 157 gold pieces.

Inventory:

Hand Weapons
 a - a +0 hand axe (weapon)
Armour
 h - a +0 scale mail (worn)
 o - a +0 cloak (worn)
 p - a +0 helmet (worn)
 s - a +0 plate armour
Jewellery
 q - an uncursed ring of protection from fire {unknown}
Scrolls
 b - a scroll of blinking {unknown}
 e - 2 scrolls of teleportation {unknown}
 f - a scroll of enchant weapon {unknown}
 g - 3 scrolls of remove curse {unknown}
 i - a scroll of immolation {unknown}
 j - 3 scrolls of identify {unknown}
 k - 2 scrolls of magic mapping {unknown}
 l - a scroll of noise {unknown}
 n - 2 scrolls of fog {unknown}
Potions
 d - 3 potions of heal wounds {unknown}
 m - a potion of ambrosia {unknown}
 r - a potion of curing {unknown}
Comestibles
 c - 4 rations


   Skills:
 + Level 5.9 Fighting
 * Level 8.3 Axes
 - Level 2.1 Armour
 - Level 1.5 Dodging


You had 5 spell levels left.
You didn't know any spells.
Your spell library was empty.

Dungeon Overview and Level Annotations

Branches:
Dungeon (4/15)
 Temple: D:4-7

Altars:


Message History

The insubstantial wisp hits you but does no damage.
Something hits you.
* * * LOW HITPOINT WARNING * * *
Something shocks you.
* * * LOW HITPOINT WARNING * * *
You hit the insubstantial wisp.
The insubstantial wisp is lightly damaged.
You closely miss something.
The insubstantial wisp hits you but does no damage.
Something hits you but does no damage.
You miss the insubstantial wisp.
The insubstantial wisp is lightly damaged.
You barely miss something.
The insubstantial wisp hits you but does no damage.
A sky beast appears from thin air!
Reactivating autopickup.
The sky beast hits you.
* * * LOW HITPOINT WARNING * * *
The sky beast shocks you.
You die...

#... #.r# #..#
#..# #..# #
#..# (#
#..#########.##
#.....Y.......#
##...@vv......#
#######......#
.....#####
..#....#
≈≈....#
≈≈≈§§..#
#..≈≈≈#..
(#).≈≈...


You could see a sky beast and 2 insubstantial wisps.

Vanquished Creatures
  A sky beast (D:7)
  A bullfrog (D:2)
  A hound (D:7)
  Crazy Yiuf (D:2)
  5 adders
  5 gnolls
  3 dart slugs
  4 worms
  3 leopard geckos (D:2)
  5 orcs (D:3)
  6 giant cockroaches
  9 goblins
  5 hobgoblins
  A jackal (D:3)
  10 kobolds
  A quokka (D:7)
  2 ball pythons
  6 bats
  7 frilled lizards
  6 rats
82 creatures vanquished.

Notes
Turn   | Place    | Note
-------+----------+-------------------------------------------
     0 | D:1      | HoaS the Hill Orc Berserker began the quest for the Orb.
     0 | D:1      | Reached XP level 1. HP: 19/19 MP: 1/1
    39 | D:1      | Reached XP level 2. HP: 20/27 MP: 2/2
   135 | D:1      | HP: 1/40 [gnoll/+0 spear (5)]
   527 | D:1      | You fall into a shaft and drop 1 floor!
   566 | D:2      | Reached skill level 5 in Axes
   624 | D:2      | Reached XP level 3. HP: 25/33 MP: 3/3
  1586 | D:1      | Reached ** piety under Trog
  1971 | D:2      | Reached XP level 4. HP: 36/41 MP: 4/4
  2191 | D:2      | Found a runed translucent door.
  2192 | D:2      | Noticed Crazy Yiuf
  2316 | D:2      | Killed Crazy Yiuf
  2316 | D:2      | Reached skill level 6 in Axes
  2620 | D:3      | Noticed a bullfrog
  2666 | D:2      | Killed a bullfrog
  2666 | D:2      | Reached skill level 5 in Fighting
  2666 | D:2      | Reached skill level 7 in Axes
  2666 | D:2      | Reached XP level 5. HP: 17/48 MP: 5/5
  3243 | D:3      | Reached XP level 6. HP: 45/56 MP: 6/6
  3944 | D:4      | You fall into a shaft and drop 3 floors!
  3950 | D:7      | Noticed an insubstantial wisp
  3950 | D:7      | Noticed a sky beast
  3971 | D:7      | Killed a sky beast
  3971 | D:7      | Reached *** piety under Trog
  3971 | D:7      | Reached skill level 8 in Axes
  3982 | D:7      | Noticed a sky beast
  3982 | D:7      | Noticed an insubstantial wisp
  3995 | D:7      | Slain by a sky beast

Illustrated notes

Levels and vault maps discovered:
D:1:      dpeg_arrival_oval, layout_basic, serial_bayou_pond_b
D:2:      layout_basic, first_ration, nrook_uturn, uniq_crazy_yiuf_cottage
D:3:      layout_loops_ring, minmay_fractal_squares_diagonal_5
D:4:      layout_cave_pods, serial_bayou_ford_a, minmay_manual_mullet
D:7:      layout_loops_ring, kennysheep_little_box,
          minmay_temple_entry_overgrown, grunt_ogre_cave, nrook_loot_triangle,
          minmay_gold_behind_fungi, hangedman_misty_isle

Skill      XL: |  1  2  3  4  5  6 |
---------------+-------------------+-----
Fighting       | 4 5 |  5.9
Axes           | 5 7 8 |  8.3
Armour         | |  2.1
Dodging        | |  1.5

Action                   |  1- 3 |  4- 6 || total
-------------------------+-------+-------++-------
Melee: Hand axe          |   149 |   149 ||   298
Invok: Berserk           |     1 |     3 ||     4
 Stab: Sleeping          |     1 |       ||     1
  Eat: Chunk             |     4 |     9 ||    13
Armor: Animal skin       |     7 |       ||     7
       Scale mail        |    56 |    76 ||   132
Dodge: Dodged            |   105 |    83 ||   188

Table legend:
 A = Non-vault XP
 B = Vault XP
 C = Vault XP percentage of total XP
 D = Non-vault monster count
 E = Vault monster count
 F = Vault count percentage of total count
                 A         B        C        D         E       F
            +---------+---------+-------+---------+---------+-------
      Total |     286 |     288 |  50.2 |      70 |      12 |  14.6
            +---------+---------+-------+---------+---------+-------
        D:1 |      37 |       2 |   5.1 |      16 |       1 |   5.9
        D:2 |      66 |     153 |  69.9 |      25 |       7 |  21.9
        D:3 |     136 |       6 |   4.2 |      26 |       3 |  10.3
        D:7 |      47 |     127 |  73.0 |       3 |       1 |  25.0
            +---------+---------+-------+---------+---------+-------
